Map: Lerilak Crest

Players

MorroW

  • Race: Protoss Protoss
  • League: Master

AcerBly (Bly) - Winner!

  • Race: Zerg Zerg
  • League: Master

Event: DreamHack ZOWIE Open Leipzig

VOD

Have the link to the VOD?

Description

Time

  • Played on: Jan. 22, 2016, 11:13 a.m.
  • Length: 16:45

All games in this series

Show
View Real Time Build Order
Export as new Build Order

MorroW Protoss 

Build Orders: Nexus First 

Get SALT Encoding   

  12  0:01  Probe (Chrono Boost)  
  13  0:11  Probe (Chrono Boost)  
  14  0:17  Pylon  
  14  0:22  Probe (Chrono Boost)  
  16  0:35  Probe (Chrono Boost)  
  16  0:46  Probe (Chrono Boost)  
  17  0:59  Nexus  
  17  1:02  Probe (Chrono Boost)  
  18  1:12  Probe (Chrono Boost)  
  18  1:15  Gateway  
  19  1:21  Assimilator  
  19  1:23  Probe (Chrono Boost)  
  20  1:28  Assimilator  
  20  1:33  Probe (Chrono Boost)  
  21  1:42  Pylon  
  21  1:44  Probe (Chrono Boost)  
  22  1:52  Gateway  
  22  1:56  Probe (Chrono Boost)  
  23  2:03  Cybernetics Core  
  23  2:06  Probe (Chrono Boost)  
  24  2:11  Probe (Chrono Boost)  
  27  2:18  Probe (Chrono Boost)  
  27  2:21  Probe (Chrono Boost)  
  29  2:32  Zealot  
  28  2:41  Pylon  
  26  2:46  Probe (Chrono Boost)  
Show
View Real Time Build Order
Export as new Build Order

AcerBly Zerg - Winner!

Build Orders: 14 gas / 14 pool, Pool First 

Get SALT Encoding   

  12  0:00  Drone  
  13  0:10  Drone  
  14  0:14  Extractor  
  13  0:28  Spawning Pool  
  12  0:32  Drone  
  13  0:37  Drone  
  14  0:42  Extractor  
  14  0:45  Drone  
  15  0:54  Overlord  
  15  1:15  Queen  
  15  1:16  Metabolic Boost  
  17  1:19  Zergling x2  
  17  1:23  Zergling x2  
  19  1:26  Zergling x2  
  19  1:30  Zergling x2  
  21  1:41  Zergling x2  
  22  1:55  Hatchery  
  22  2:00  Zergling x2  
  22  2:08  Overlord  
  22  2:28  Zergling x8  
  26  2:34  Zergling x2  
  26  2:44  Zergling x2  

Tags
 
Add a new tag
Caveats
  • Supply blocks, unpowered buildings, or Contaminate may cause inaccurate times.
  • Supply counts are checked every 10 seconds.